 Dungeon Crawl Stone Soup version 0.29.0-5-ge4962eb29e (webtiles) character file.

Game seed: 13217377885419722307

93 sanka the Ruffian (level 4, -4/44 HPs)
             Began as a Troll Monk on Aug 29, 2022.
             Constricted to death by Grinder (7 damage)
             ... on level 3 of the Dungeon.
             The game lasted 00:01:54 (1812 turns).

sanka the Ruffian (Troll Monk)                      Turns: 1812, Time: 00:01:56

Health: -4/44      AC:  4    Str: 19    XL:     4   Next: 37%
Magic:  3/3        EV:  7    Int:  6    God:
Gold:   204        SH:  0    Dex: 14    Spells: 3/3 levels left

rFire   . . .      SeeInvis .     - Unarmed
rCold   . . .      Faith    .   (no shield)
rNeg    . . .      Spirit   .   a - +0 robe
rPois   .          Reflect  .   (helmet restricted)
rElec   .          Harm     .   (no cloak)
rCorr   .          Rampage  .   (gloves unavailable)
Will    .....                   (boots unavailable)
Stlth   ++........              (no amulet)
HPRegen 0.94/turn               (no ring)
MPRegen 0.08/turn               (no ring)

@: grasped by roots, constricted
A: large, unfitting armour, claws 3, regeneration 1, shaggy fur 1, tough skin 1
a: no special abilities


You were on level 3 of the Dungeon.
You visited 1 branch of the dungeon, and saw 3 of its levels.

You collected 204 gold pieces.


Innate Abilities, Weirdness & Mutations

You are too large for most types of armour.
You have claws for hands.
Your natural rate of healing is unusually fast.
You are covered in fur. (AC +1)
You have tough skin. (AC +1)


   Skills:
 - Level 2.4 Fighting
 - Level 2.4 Dodging
 - Level 1.0 Stealth
 + Level 5.2 Unarmed Combat


You had 3 spell levels left.
You didn't know any spells.
Your spell library contained the following spells:

 Spells                   Type           Power      Damage    Failure   Level
 Ensorcelled Hibernation  Hex/Ice        0%         N/A       58%         2
 Passwall                 Tmut/Erth      0%         N/A       58%         2
 Scorch                   Fire           0%         2d5       58%         2
 Gell's Gravitas          Tloc           0%         N/A       83%         3
 Lesser Beckoning         Tloc           0%         N/A       83%         3
 Swiftness                Air            0%         N/A       83%         3
 Teleport Other           Tloc           0%         N/A       83%         3
 Flame Wave               Conj/Fire      0%         2d4       99%         4
 Summon Ice Beast         Ice/Summ       0%         N/A       99%         4
 Summon Mana Viper        Hex/Summ       0%         N/A       100%        5
 Summon Cactus Giant      Summ           0%         N/A       100%        6
 Monstrous Menagerie      Summ           0%         N/A       100%        7

Inventory:

Hand Weapons
 i - the +9 rapier "Guiviudd" {holy, rPois rC++ Str+2}

   It has been blessed by the Shining One to cause great damage to the undead
   and demons.
   Str:       It affects your strength (+2).
   rC:        It greatly protects you from cold.
   rPois:     It protects you from poison.
Armour
 a - a +0 robe (worn)
Jewellery
 k - an amulet of guardian spirit
Scrolls
 c - a scroll of teleportation {unknown}
 f - a scroll of identify {unknown}
 g - a scroll of enchant armour {unknown}
 h - a scroll of blinking {unknown}
 j - a scroll of enchant weapon {unknown}
 l - a scroll of vulnerability {unknown}
Potions
 b - a potion of ambrosia
 d - a potion of degeneration {unknown}
 e - a potion of might {unknown}
 m - a potion of attraction {unknown}

Dungeon Overview and Level Annotations

Branches:
Dungeon (3/15)

Altars:

Annotations:
D:3 Grinder

▒.▒▒▒▒.▒
▒......▒
▒.▒▒▒▒.▒
▒.▒▒.▒.▒
▒.▒▒.▒.▒ ▒
▒....▒.▒
▒▒▒▒.▒▒▒▒<▒.▒
........▒▒▒.▒
▒......▒T▒
▒▒..5..▒5▒
▒£....▒.▒
▒..[....▒
▒..>..▒.....▒
▒.........(.▒
▒.▒▒▒.▒▒▒.▒.▒
.▒. ▒.▒ ▒.▒.▒
.▒ .. ..▒.▒


You could see Grinder.


Message History

You scratch Grinder but do no damage.
Grinder is heavily wounded.
Grinder hits you!
You writhe in agony.
You claw Grinder!
Grinder is severely wounded.
Grinder says, "Mostly I couldn't keep them alive."
Grinder gestures at you. Pain shoots through your body!
You closely miss Grinder.
Grinder is severely wounded.
Grinder zaps a wand.
The roots erupt in riotous growth!
The grasping roots grab you!
Grinder is unaffected.
The grasping roots constrict you!
* * * LOW HITPOINT WARNING * * *
You completely miss Grinder.
Grinder is severely wounded.
Grinder barely misses you. The grasping roots constrict you!
* * * LOW HITPOINT WARNING * * *
You scratch Grinder.
Grinder is almost dead.
Grinder hits you!
* * * LOW HITPOINT WARNING * * *
You writhe in agony.
* * * LOW HITPOINT WARNING * * *
The grasping roots constrict you!
You die...

Action                   |  1- 3 |  4- 6 || total
-------------------------+-------+-------++-------
Melee: Unarmed           |    91 |    35 ||   126
       Punch             |     2 |     1 ||     3
 Stab: Sleeping          |       |     2 ||     2
Armor: Robe              |    27 |    11 ||    38
Dodge: Dodged            |    46 |    12 ||    58

Levels and vault maps discovered:
D:1:      lordsloth_arrival_two_stooges, layout_basic, basic_ecumenical_altar,
          wad_floor_pattern_2
D:2:      layout_basic, minmay_three_crescents
D:3:      layout_basic, serial_aquarium, aquarium_bridge_island_small
          [aquarium_subvault_small_open, aquarium_subvault_bridge,
          aquarium_subvault_balcony, aquarium_subvault_bridge,
          aquarium_subvault_window], aquarium_window_fake, aquarium_window_fake,
          aquarium_window_fake, aquarium_window_corner, aquarium_view_2d,
          aquarium_pool_2, serial_shops, shop, uniq_grinder

Notes
Turn   | Place    | Note
-------+----------+-------------------------------------------
     0 | D:1      | sanka the Troll Monk began the quest for the Orb.
     0 | D:1      | Reached XP level 1. HP: 22/22 MP: 0/0
    57 | D:1      | Reached XP level 2. HP: 29/29 MP: 1/1
   118 | D:1      | Reached skill level 4 in Unarmed Combat
   191 | D:1      | Reached XP level 3. HP: 36/36 MP: 2/2
   452 | D:1      | Found a faded altar of an unknown god.
  1174 | D:2      | Reached XP level 4. HP: 44/44 MP: 3/3
  1194 | D:2      | Reached skill level 5 in Unarmed Combat
  1279 | D:2      | Identified the +9 rapier "Guiviudd" {holy, rPois rC++
                  | Str+2}
  1791 | D:3      | Noticed Grinder
  1794 | D:3      | Paralysed by Grinder for 3 turns
  1812 | D:3      | HP: 3/44 [Grinder (4)]
  1812 | D:3      | Constricted to death by Grinder

Vanquished Creatures
  2 adders (D:2)
  2 worms (D:2)
  A dart slug (D:1)
  6 endoplasms
  2 giant cockroaches
  7 goblins
  6 hobgoblins
  6 jackals
  8 kobolds
  3 quokkas (D:2)
  4 ball pythons
  3 bats
  5 frilled lizards
  6 rats
61 creatures vanquished.
